 Dungeon Crawl Stone Soup version 0.26.1-11-gd32895ea62 (webtiles) character file.

Game seed: 1726843498053712519

37 Zeld the Digger (level 3, -2/19 HPs)
             Began as a Gargoyle Earth Elementalist on June 6, 2021.
             Slain by a gnoll
             ... wielding a +2 flail of protection
              (9 damage)
             ... on level 1 of the Dungeon.
             The game lasted 00:02:19 (1530 turns).

Zeld the Digger (Gargoyle Earth Elementalist)       Turns: 1530, Time: 00:02:19

Health: -2/19      AC:  6    Str: 11    XL:     3   Next: 39%
Magic:  0/6        EV: 12    Int: 16    God:
Gold:   35         SH:  0    Dex: 10    Spells: 0/6 levels left

rFire    . . .     SeeInvis .   (no weapon)
rCold    . . .     Faith    .   (no shield)
rNeg     + . .     Spirit   .   c - +0 robe
rPois    ∞         Reflect  .   (no helmet)
rElec    +         Harm     .   (no cloak)
rCorr    .         Rampage  .   (no gloves)
Will     .....                  j - +0 pair of boots
Stlth    ++........             (no amulet)
HPRegen  0.06/turn              (no ring)
MPRegen  0.10/turn              (no ring)

@: no status effects
A: negative energy resistance 1, electricity resistance, unbreathing,
petrification resistance, miasma immunity, AC +3
a: no special abilities


You were on level 1 of the Dungeon.
You visited 1 branch of the dungeon, and saw 2 of its levels.

You collected 35 gold pieces.

Inventory:

Missiles
 b - 34 stones (quivered)
Armour
 c - a +0 robe (worn)
 j - a +0 pair of boots (worn)
Scrolls
 a - a scroll of remove curse {unknown}
 f - 4 scrolls of identify {unknown}
 g - a scroll of immolation {unknown}
 k - a scroll of enchant armour {unknown}
Potions
 d - 3 potions of mutation {unknown}
 e - a potion of magic {unknown}
 h - a potion of might {unknown}
 i - a potion of ambrosia {unknown}


   Skills:
 + Level 2.0 Dodging
 - Level 2.1 Stealth
 + Level 2.3 Spellcasting
 - Level 0.7 Transmutations
 * Level 4.5 Earth Magic


You couldn't memorise any spells.
You knew the following spells:

 Your Spells              Type           Power        Failure   Level
a - Sandblast             Erth           32%          3%          1
b - Passwall              Tmut/Erth      8%           10%         2
c - Stone Arrow           Conj/Erth      18%          24%         3

Your spell library contained the following spells:

 Spells                   Type           Power        Failure   Level
 Petrify                  Tmut/Erth      10%          54%         4
 Lee's Rapid Deconstruct  Erth           8%           63%         5


Dungeon Overview and Level Annotations

Branches:
Dungeon (2/15)

Altars:


Innate Abilities, Weirdness & Mutations

You are resistant to torment.
Your stone body is resilient. (AC +3)
You are immune to poison.
You resist negative energy. (rN+)
You are resistant to electric shocks. (rElec)
You can survive without breathing.
You are immune to petrification.
You are immune to miasma.


Message History

The gnoll barely misses you.
Casting: Sandblast (safe; 3% risk of failure)
Confirm with . or Enter, or press ? or * to list all spells.
Aiming: Sandblast (safe; 3% risk of failure)
Press: ? - help, Shift-Dir - straight line, f/p - gnoll
Aim: a gnoll, wielding a +2 flail of protection (heavily wounded, 18% to evade)
The blast of sand hits the gnoll but does no damage.
The gnoll is heavily wounded.
b - 35 stones The gnoll misses you.
Casting: Sandblast (safe; 3% risk of failure)
Confirm with . or Enter, or press ? or * to list all spells.
Aiming: Sandblast (safe; 3% risk of failure)
Press: ? - help, Shift-Dir - straight line, f/p - gnoll
Aim: a gnoll, wielding a +2 flail of protection (heavily wounded, 18% to evade)
The blast of sand hits the gnoll but does no damage.
The gnoll is heavily wounded.
b - 34 stones The gnoll hits you with a +2 flail of protection!
You die...

#.#.# #.#.# #.>.# #.#.#
#.#.#####...# #...#
#...........# #..##
###.#####.#[# #..# #.#
##.#.# #..# #.# ##....#
#..# #.###.....##
#..########.##.......##
#......@g.............##
#############...........
#.........## ##.......##
##.....## ##...## #####


You could see a gnoll.

Vanquished Creatures
  An adder (D:1)
  A leopard gecko (D:1)
  7 bats
  2 giant cockroaches (D:1)
  3 goblins (D:1)
  4 hobgoblins
  A frilled lizard (D:1)
  4 kobolds
  3 rats (D:1)
26 creatures vanquished.

Notes
Turn   | Place    | Note
-------+----------+-------------------------------------------
     0 | D:1      | Zeld the Gargoyle Earth Elementalist began the quest for
                  | the Orb.
     0 | D:1      | Reached XP level 1. HP: 10/10 MP: 3/3
   193 | D:1      | Reached XP level 2. HP: 15/15 MP: 0/5
   203 | D:1      | Reached skill level 4 in Earth Magic
   493 | D:1      | Learned a level 2 spell: Passwall
   983 | D:1      | Reached XP level 3. HP: 17/19 MP: 0/6
   987 | D:1      | Learned a level 3 spell: Stone Arrow
  1530 | D:1      | Slain by a gnoll

Illustrated notes

Levels and vault maps discovered:
D:1:      shiori_shiawase, layout_loops_ring, minivault_11,
          hangedman_decor_peaks_small
D:2:      layout_loops_ring, kennysheep_okawaru_gauntlet,
          chequers_ecumenical_altar_simple_redux, minmay_tetromino_s4

Skill      XL: |  1  2  3 |
---------------+----------+-----
Earth Magic    | 4 |  4.5
Dodging        | 2 |  2.0
Stealth        | |  2.1
Spellcasting   | |  2.3
Transmutations | |  0.7

Action                   || total
-------------------------++-------
Melee: Unarmed           ||    13
 Cast: Sandblast         ||    42
       Passwall          ||     1
Armor: Robe              ||    11
Dodge: Dodged            ||    20
